 Dungeon Crawl Stone Soup version 0.29-a0-993-g4a18f31a58 (webtiles) character file.

Game seed: 15063152543142918320

72 vurker the Sneak (level 4, 23/23 HPs)
             Began as a Vine Stalker Enchanter on Aug 2, 2022.
             Quit the game in the Ecumenical Temple.
             The game lasted 00:02:02 (2528 turns).

vurker the Sneak (Vine Stalker Enchanter)           Turns: 2528, Time: 00:02:03

Health: 23/23      AC:  5    Str: 13    XL:     4   Next: 26%
Magic:  8/8        EV: 10    Int: 15    God:
Gold:   154        SH:  0    Dex: 14    Spells: 7/7 levels left

rFire   . . .      SeeInvis .   a - +1 dagger
rCold   . . .      Faith    .   (no shield)
rNeg    . . .      Spirit   +   e - +0 ring mail
rPois   .          Reflect  .   (no helmet)
rElec   .          Harm     .   (no cloak)
rCorr   .          Rampage  .   (no gloves)
Will    .....                   (no boots)
Stlth   ++........              (no amulet)
HPRegen 0.87/turn               (no ring)
MPRegen 0.11/turn               (no ring)

@: no status effects
A: fangs 2, regeneration 1, magic shield, antimagic bite, no potion heal 2
a: no special abilities


You were in the Ecumenical Temple.
You visited 2 branches of the dungeon, and saw 6 of its levels.

You collected 154 gold pieces.

Inventory:

Hand Weapons
 a - a +1 dagger (weapon)
Armour
 e - a +0 ring mail (worn)
   (You found it on level 1 of the Dungeon)
Scrolls
 b - 4 scrolls of identify {unknown}
 d - 2 scrolls of noise {unknown}
 f - a scroll of amnesia {unknown}
 i - a scroll of blinking {unknown}
 k - 2 scrolls of teleportation {unknown}
 l - 2 scrolls of acquirement {unknown}
 m - a scroll of vulnerability {unknown}
 o - a scroll of poison {unknown}
Potions
 c - 2 potions of invisibility
 g - 2 potions of heal wounds {unknown}
 h - a potion of ambrosia {unknown}
 j - a potion of brilliance {unknown}
 n - a potion of haste {unknown}
 p - 2 potions of curing {unknown}
 q - a potion of degeneration {unknown}


   Skills:
 + Level 1.7 Fighting
 - Level 0.8 Short Blades
 - Level 1.5 Dodging
 - Level 3.6 Stealth
 * Level 3.0 Unarmed Combat
 - Level 2.1 Spellcasting
 - Level 3.0 Hexes


You had 7 spell levels left.
You didn't know any spells.
Your spell library contained the following spells:

 Spells                   Type           Power      Damage    Failure   Level
 Ensorcelled Hibernation  Hex/Ice        12%        N/A       36%         2
 Confusing Touch          Hex            10%        N/A       38%         3
 Tukima's Dance           Hex            10%        N/A       38%         3
 Apportation              Tloc           2%         N/A       43%         1
 Necrotise                Necr           4%         1d4       43%         1
 Sandblast                Erth           2%         2d4       43%         1
 Summon Small Mammal      Summ           4%         N/A       43%         1
 Passwall                 Tmut/Erth      0%         N/A       58%         2
 Dazzling Flash           Conj/Hex       12%        N/A       61%         3
 Stone Arrow              Conj/Erth      2%         3d7       82%         3


Dungeon Overview and Level Annotations

Branches:
Dungeon (5/15)             Temple (1/1) D:4

Altars:
Gozag
Makhleb
Wu Jian
Zin
The Shining One


Innate Abilities, Weirdness & Mutations

You have extremely sharp teeth.
Your natural rate of healing is unusually fast.
When hurt, damage is shared between your health and your magic reserves.
Your bite disrupts and absorbs the magic of your enemies.
Potions cannot restore your health.


Message History

g - 2 pink potions (gained 1)
You see here an adder corpse.
A bat comes into view.
Found a stone staircase leading down.
A sourceless malevolence fills the Dungeon...
You fall into a shaft and drop 2 floors!
The shaft crumbles and collapses.
Found a mace.
No target in view!
You open the door. You open the door.
There is an open door here.
Found a stone staircase leading down.
Found a robe.
Found a stone staircase leading up.
There is a stone staircase leading up here.
You climb upwards.
You hear the hiss of flowing sand.
There is an entrance to an ossuary on this level.
Hurry and find it before the portal is buried!
There is a stone staircase leading down here.
Found an ornate altar of the Wu Jian Council.
Found 14 gold pieces.
A hobgoblin comes into view.
Found an escape hatch in the floor.
A hobgoblin is nearby!
The hobgoblin shouts!
You see here 14 gold pieces.
You closely miss the hobgoblin. Your bite misses the hobgoblin.
The hobgoblin completely misses you.
You hit the hobgoblin.
You bite the hobgoblin, but do no damage.
The hobgoblin barely misses you.
You closely miss the hobgoblin. Your bite misses the hobgoblin.
The hobgoblin barely misses you.
You hit the hobgoblin. You bite the hobgoblin.
You kill the hobgoblin!
No target in view!
No target in view!
You now have 154 gold pieces (gained 14).
Found a ring mail.
No target in view!
No target in view!
Found a staircase to the Ecumenical Temple.
Found 6 javelins.
You hear the slow hiss of a distant avalanche of sand.
There is a staircase to the Ecumenical Temple here.
You climb downwards.
Welcome to the Ecumenical Temple!
There is a staircase back to the Dungeon here.
Found two altars.
Found a burning altar of Makhleb and an opulent altar of Gozag.

######## ##......## _
##........##
.._.###..........#
.......@.........#
.._.###.........## _
#..........#
#..........#
##........## ##......##
#####.### ###
#######.......#
...#####..............#


There were no monsters in sight!

Vanquished Creatures
  3 adders
  A worm (D:2)
  A dart slug (D:3)
  3 ball pythons
  A bat (D:1)
  5 endoplasms
  A giant cockroach (D:2)
  7 goblins
  2 hobgoblins
  3 jackals (D:1)
  A quokka (D:2)
  2 frilled lizards
  2 kobolds (D:1)
  7 rats
39 creatures vanquished.

Notes
Turn   | Place    | Note
-------+----------+-------------------------------------------
     0 | D:1      | vurker the Vine Stalker Enchanter began the quest for the
                  | Orb.
     0 | D:1      | Reached XP level 1. HP: 9/9 MP: 4/4
   190 | D:1      | Reached skill level 1 in Unarmed Combat
   249 | D:1      | Reached XP level 2. HP: 11/14 MP: 4/6
   667 | D:1      | Reached skill level 1 in Fighting
  1089 | D:2      | Reached XP level 3. HP: 13/18 MP: 7/7
  2103 | D:2      | Gained mutation: Your natural rate of healing is unusually
                  | fast. [Vine Stalker growth]
  2103 | D:2      | Reached XP level 4. HP: 22/22 MP: 8/8
  2400 | D:3      | You fall into a shaft and drop 2 floors!
  2400 | D:5      | Entered Level 5 of the Dungeon
  2452 | D:4      | Found an ornate altar of the Wu Jian Council.
  2483 | D:4      | Found a staircase to the Ecumenical Temple.
  2492 | Temple   | Entered the Ecumenical Temple
  2528 | Temple   | Quit the game

Illustrated notes

Levels and vault maps discovered:
D:1:      elethiomel_arrival_maze, layout_basic
D:2:      layout_basic, minmay_pentomino_pile
D:3:      layout_loops_ring, serial_glass, glass_columns_c, glass_columns_a,
          serial_shops, nicolae_lakefront_shop
D:4:      layout_basic, mainiacjoe_overflow_cross_hatched,
          minmay_temple_entry_waves, nicolae_ossuary_entry_monument,
          hangedman_decor_points
D:5:      layout_basic, nicolae_ru_awakened_eye, nicolae_fountain_basement,
          uniq_sigmund
Temple:   kb_temple_of_zot

Skill      XL: |  1  2  3  4 |
---------------+-------------+-----
Unarmed Combat | 1 2 3 |  3.0
Fighting       | 1 |  1.7
Short Blades   | |  0.8
Dodging        | |  1.5
Stealth        | |  3.6
Spellcasting   | |  2.1
Hexes          | |  3.0

Action                   |  1- 3 |  4- 6 || total
-------------------------+-------+-------++-------
Melee: Dagger            |   117 |    20 ||   137
       Bite              |    23 |     7 ||    30
       Punch             |       |     1 ||     1
 Stab: Sleeping          |     2 |     1 ||     3
Armor: Ring mail         |    36 |     4 ||    40
Dodge: Dodged            |    55 |    12 ||    67

Table legend: (Time is in decaauts)
 A = Elapsed time spent in this place.
 B = Non-inter-level travel time spent in this place.
 C = Inter-level travel time spent in this place.
 D = Time resting spent in this place.
 E = Time spent auto-exploring this place.
 F = Levels seen in this place.
 G = Mean time per level.
                   A        B        C        D        E       F      G
               +--------+--------+--------+--------+--------+-----+--------+
         Total |   2520 |   2498 |     22 |      0 |   2084 |   6 |  420.0 |
       Dungeon |   2484 |   2462 |     22 |      0 |   2051 |   5 |  496.8 |
        Temple |     35 |     35 |      0 |      0 |     33 |   1 |   35.0 |
               +--------+--------+--------+--------+--------+-----+--------+

Top non-repeatable levels by time:
     D:2: 1191 daAuts
     D:1: 1024 daAuts
     D:3: 178 daAuts
     D:4: 51 daAuts
     D:5: 39 daAuts
  Temple: 35 daAuts
